 Dungeon Crawl Stone Soup version 0.18.1-8-gdd0e5ea (webtiles) character file.

6555 Implojin the Martial Artist (level 10, -1/83 HPs)
             Began as a Mummy Monk on May 21, 2016.
             Slain by Grum
             ... wielding a -2 spear
              (23 damage)
             ... on level 1 of the Lair of Beasts.
             The game lasted 00:56:04 (22415 turns).

Implojin the Martial Artist (Mummy Monk)           Turns: 22415, Time: 00:56:05

Health: -1/83      AC:  9    Str: 14    XL:     10   Next: 70%
Magic:  10/10      EV: 12    Int:  9    God:
Gold:   508        SH:  0    Dex: 19    Spells: 0 memorised, 9 levels left

rFire  x . .     SeeInvis .       - Unarmed
rCold  + . .     Gourm    .     (no armour)
rNeg   + + +     Faith    .     (no shield)
rPois  ∞         Spirit   .     o - +2 helmet
rElec  .         Dismiss  .     t - +2 cloak
rCorr  .         Reflect  .     (no gloves)
SustAt .         Harm     .     p - +2 pair of boots
MR     +....                    (no amulet)
Stlth  ++........               (no ring)
                                c - ring of wizardry

@: somewhat resistant to hostile enchantments, unstealthy
A: no food or potions, fire vulnerability, cold resistance 1, negative energy
resistance 3, torment resistance, unbreathing
a: no special abilities


You were on level 1 of the Lair of Beasts.
You were not hungry.

You visited 2 branches of the dungeon, and saw 11 of its levels.

You collected 508 gold pieces.

Inventory:

Armour
 d - a +0 large shield
 o - a +2 helmet (worn)
 p - a +2 pair of boots (worn)
 t - a +2 cloak (worn)
Jewellery
 c - a ring of wizardry (left hand)
 l - an uncursed ring of flight
 n - a +2 ring of protection {unknown}
 r - an uncursed amulet of harm {unknown}
Wands
 k - a wand of iceblast (9/15)
 s - a wand of slowing (19/48)
 v - a wand of teleportation (3/9)
Scrolls
 a - 3 scrolls of remove curse
 b - 3 scrolls of amnesia
 e - a scroll of immolation
 f - a scroll of random uselessness
 h - a scroll of noise
 i - 4 scrolls of magic mapping
 q - 5 scrolls of identify
 u - 3 scrolls of fog
Books
 m - a book of Death

   Spells                             Type                      Level
   a - Corpse Rot                     Necromancy                   2
   b - Sublimation of Blood           Necromancy                   2
   c - Agony                          Necromancy                   5
   d - Dispel Undead                  Necromancy                   5
   e - Excruciating Wounds            Charms/Necromancy            5
   f - Bolt of Draining               Conjuration/Necromancy       5
Comestibles
 g - a royal jelly


   Skills:
 - Level 9.0 Fighting
 - Level 6.6 Dodging
 - Level 1.5 Stealth
 * Level 10.6 Unarmed Combat


You had 9 spell levels left.
You didn't know any spells.

Dungeon Overview and Level Annotations

Branches:
Dungeon (10/15)            Temple (0/1) D:4            Lair (1/8) D:10
    Orc: D:9-12

Altars:
Ashenzari
Elyvilon
Fedhas
Gozag
Kikubaaqudgha
Makhleb
Nemelex Xobeh
Okawaru
Pakellas
Qazlal
Ru
Sif Muna
Trog

Annotations:
D:5 !black bear wandering care
D:6 exclusion: 2 downstairs
D:7 !player ghost near stairs come back, exclusions: downstairs and upstairs, glanitos's ghost, novice MiAK
D:8 !6h hydra near stairs CARE, exclusion: downstairs, Maurice
D:9 exclusion: 2 downstairs
D:10 !urug by stairs, hill giant by other stairs care, Urug
Lair:1 Grum


Innate Abilities, Weirdness & Mutations

You do not eat or drink.
Your flesh is vulnerable to fire.
You are immune to poison.
Your flesh is cold resistant.
You are immune to negative energy.
You are immune to unholy pain and torment.
You can survive without breathing.


Message History

The wolf barely misses you.
Grum points his finger and shouts, "Cujo!
Sic 'em!"
The wolf misses you. The wolf closely misses you.
The wolf completely misses you. The wolf bites you!
* * * LOW HITPOINT WARNING * * *
The wolf misses you. The wolf closely misses you.
Grum sniffs the air and quickly glances around.
The wolf barely misses you. The wolf misses you. The wolf barely misses you.
The wolf closely misses you. The wolf barely misses you. The wolf misses you.
The wolf closely misses you. The wolf bites you.
* * * LOW HITPOINT WARNING * * *
The wolf bites you!
* * * LOW HITPOINT WARNING * * *
The wolf bites you but does no damage. The wolf bites you.
* * * LOW HITPOINT WARNING * * *
The wolf barely misses you. The wolf bites you.
* * * LOW HITPOINT WARNING * * *
There is an open gate here.
The wolf closely misses you. The wolf barely misses you.
There is a staircase back to the Dungeon here.
Warning, next level annotated: !urug by stairs, hill giant by other stairs care, Urug Enter next level anyway?
Okay, then.
Unknown command.
Unknown command.
Warning, next level annotated: !urug by stairs, hill giant by other stairs care, Urug Enter next level anyway?
The wolf bites you but does no damage. The wolf bites you.
* * * LOW HITPOINT WARNING * * *
The wolf bites you but does no damage. Grum hits you from afar with a spear!!
You die...

...................###..#...##
.....g....♣♣♣♣$♣♣♣.♣ ♣♣.....##
######...♣♣ ♣♣ ♣♣ ♣♣.....# #
.h♣♣♣♣♣♣♣♣♣♣♣♣♣♣♣♣♣...## # ..♣
♣...........♣ ♣...## ..♣
♣...........♣♣♣....###.
♣..#######..♣♣.........
♣..#.....#......####...
♣..#..@..#......# ...
♣..#.hh..#......# ..
♣..#⌠.g.⌠#g.♣♣.##
♣..##'''##..♣♣♣# ♣...........♣
♣...........♣ ♣♣♣♣♣♣♣♣♣♣♣♣♣


You could see Grum and 2 wolves.

Vanquished Creatures
  A centaur warrior (D:9)
  A centaur skeleton (D:10)
  3 wyverns
  5 yaks
  Eustachio (D:4)
  A steam dragon (D:9)
  A hungry ghost (D:7)
  Edmund (D:7)
  A black bear (D:9)
  4 orc warriors
  2 sky beasts
  A phantom (D:8)
  2 necrophages (D:8)
  2 centaurs (D:7)
  A wolf (Lair:1)
  A big kobold (D:9)
  2 giant frogs
  2 wyvern skeletons
  3 scorpions
  9 wights
  2 howler monkeys
  A crimson imp (D:8)
  A quasit (D:9)
  A giant frog zombie (D:6)
  A jelly (D:9)
  11 orc wizards
  9 hounds
  Crazy Yiuf (D:4)
  6 orc priests
  2 giant frog skeletons
  5 iguanas
  9 worker ants
  A sheep (D:9)
  2 hound zombies
  2 hound skeletons
  2 worker ant zombies (D:6)
  Robin (D:3)
  7 gnolls
  17 adders
  4 shadow imps
  4 oozes
  5 worms
  3 dart slugs
  4 giant geckos
  35 orcs
  5 bats
  4 giant cockroaches
  22 goblins
  11 hobgoblins
  14 jackals
  5 quokkas
  7 giant newts
  A jackal skeleton (D:4)
  15 kobolds
  7 rats
271 creatures vanquished.

Vanquished Creatures (others)
  A plant (D:10)
  4 toadstools (D:1)
5 creatures vanquished.

Grand Total: 276 creatures vanquished

Notes
Turn   | Place    | Note
--------------------------------------------------------------
     0 | D:1      | Implojin the Mummy Monk began the quest for the Orb.
     0 | D:1      | Reached XP level 1. HP: 18/18 MP: 1/1
   349 | D:1      | Reached XP level 2. HP: 13/24 MP: 2/2
  1048 | D:2      | Reached skill level 4 in Unarmed Combat
  1170 | D:2      | Reached XP level 3. HP: 4/29 MP: 3/3
  2878 | D:2      | Reached XP level 4. HP: 27/35 MP: 4/4
  3074 | D:2      | Found an iron altar of Okawaru.
  3188 | D:2      | Found a sparkling altar of Nemelex Xobeh.
  3676 | D:3      | Reached skill level 5 in Unarmed Combat
  4996 | D:3      | Reached XP level 5. HP: 34/41 MP: 5/5
  5582 | D:3      | Found a blossoming altar of Fedhas.
  6428 | D:4      | Found a white marble altar of Elyvilon.
  6469 | D:4      | Noticed Edmund
  6856 | D:4      | Noticed Robin
  6921 | D:4      | Reached skill level 6 in Unarmed Combat
  6921 | D:4      | Reached XP level 6. HP: 28/47 MP: 6/6
  7196 | D:4      | Found a burning altar of Makhleb.
  7201 | D:4      | Found a stormy altar of Qazlal.
  7206 | D:4      | Found an opulent altar of Gozag.
  7333 | D:4      | Found a staircase to the Ecumenical Temple.
  7408 | D:4      | Found an ancient bone altar of Kikubaaqudgha.
  7464 | D:4      | Noticed Eustachio
  7625 | D:4      | Noticed Crazy Yiuf
  7636 | D:4      | Killed Crazy Yiuf
  7799 | D:3      | Killed Robin
  7799 | D:3      | Reached skill level 4 in Fighting
  7937 | D:5      | Entered Level 5 of the Dungeon
  8215 | D:5      | Noticed a water moccasin
  8561 | D:5      | Found a sacrificial altar of Ru.
  8678 | D:5      | Found a bloodstained altar of Trog.
  8703 | D:5      | Reached skill level 5 in Fighting
  8892 | D:6      | Reached XP level 7. HP: 53/56 MP: 7/7
  9651 | D:6      | Reached skill level 6 in Fighting
 10442 | D:6      | Found a shattered altar of Ashenzari.
 10526 | D:7      | Noticed glanitos's ghost (novice MiAK)
 11458 | D:5      | Upgraded the game from 0.18.1-6-gd335043 to 0.18.1-8-gdd0e5ea
 11765 | D:4      | Killed Eustachio
 11765 | D:4      | Reached skill level 7 in Unarmed Combat
 11765 | D:4      | Reached XP level 8. HP: 55/64 MP: 8/8
 12590 | D:7      | Killed Edmund
 12590 | D:7      | Reached skill level 8 in Unarmed Combat
 13642 | D:7      | Reached skill level 7 in Fighting
 13906 | D:7      | Reached skill level 8 in Fighting
 14114 | D:7      | Reached XP level 9. HP: 43/75 MP: 9/9
 14590 | D:7      | Reached skill level 9 in Fighting
 14904 | D:7      | Reached skill level 3 in Dodging
 14914 | D:7      | HP: 2/76 [orc/trident (3)]
 15725 | D:8      | Reached skill level 4 in Dodging
 15869 | D:8      | Found an oddly glowing altar of Pakellas.
 15940 | D:8      | Noticed Maurice
 15968 | D:7      | Reached skill level 5 in Dodging
 17075 | D:8      | Reached skill level 6 in Dodging
 17467 | D:8      | Noticed a six-headed hydra
 18889 | D:9      | Reached XP level 10. HP: 55/83 MP: 10/10
 18980 | D:9      | Noticed a hill giant
 19717 | D:9      | Reached skill level 9 in Unarmed Combat
 20281 | D:9      | Found a deep blue altar of Sif Muna.
 20595 | D:9      | Noticed a centaur warrior
 20610 | D:9      | Killed a centaur warrior
 20610 | D:9      | Reached skill level 10 in Unarmed Combat
 21158 | D:10     | Entered Level 10 of the Dungeon
 21160 | D:10     | Noticed Urug
 21385 | D:10     | Noticed a hill giant
 21721 | D:10     | Found a staircase to the Lair.
 21902 | Lair:1   | Entered Level 1 of the Lair of Beasts
 22355 | Lair:1   | Noticed Grum
 22415 | Lair:1   | Slain by Grum

Skill      XL: |  1  2  3  4  5  6  7  8  9 10 |
---------------+-------------------------------+-----
Unarmed Combat | 4 5 6 7 8 10 | 10.6
Fighting       | 5 6 8 9 |  9.0
Dodging        | 6 |  6.6
Stealth        | |  1.5

Action                   |  1- 3 |  4- 6 |  7- 9 | 10-12 || total
-------------------------+-------+-------+-------+-------++-------
Melee: Unarmed           |   123 |   411 |   798 |   258 ||  1590
       Punch             |     1 |    10 |    27 |    12 ||    50
  Use: Scroll            |       |     2 |    13 |     2 ||    17
 Stab: Sleeping          |     1 |     6 |     4 |     1 ||    12
       Distracted        |       |     1 |     3 |       ||     4
Armor: Skin              |       |    32 |   201 |    61 ||   294
Dodge: Dodged            |    66 |   231 |   476 |   179 ||   952

Table legend:
 A = Turns spent in this place as a percentage of turns spent in the entire game.
 B = Non-inter-level travel turns spent in this place as a percentage of non-inter-level travel turns spent in the entire game.
 C = Inter-level travel turns spent in this place as a percentage of turns spent in this place.
 D = Turns resting spent in this place as a percentage of non-inter-level travel turns spent in this place.
 E = Turns spent auto-exploring this place as a percentage of non-inter-level travel turns spent in this place.
 F = Non-inter-level travel turns spent in this place divided by the number of levels of this place that you've seen.
                   A       B       C       D       E      F
               +-------+-------+-------+-------+-------+----------------------
         Total | 100.0 | 100.0 |   0.3 |   4.1 |   2.4 | 713.9
       Dungeon |  95.3 |  95.3 |   0.3 |   4.3 |   2.5 | 748.2
          Lair |   4.7 |   4.7 |   0.0 |   0.0 |   0.0 | 371.0
               +-------+-------+-------+-------+-------+----------------------

Table legend:
 A = Kills in this place as a percentage of kills in entire the game.
 B = Kills by you in this place as a percentage of kills by you in the entire game.
 C = Kills by friends in this place as a percentage of kills by friends in the entire game.
 D = Other kills in this place as a percentage of other kills in the entire game.
 E = Experience gained in this place as a percentage of experience gained in the entire game.
 F = Experience gained in this place divided by the number of levels of this place that you have seen.
                   A       B       C       D       E      F
               +-------+-------+-------+-------+-------+----------------------
         Total | 100.0 | 100.0 |  -nan |  -nan | 100.0 | 851.4
       Dungeon |  99.6 |  99.6 |  -nan |  -nan |  98.8 | 925.4
          Lair |   0.4 |   0.4 |  -nan |  -nan |   1.2 | 111.0
               +-------+-------+-------+-------+-------+----------------------
